AoeStats
← L0TROttoSkyW

Lombardia

510226779Analyzed
4v4 RM · 2d ago on Sep 30, 2026· 58m 41s· 8 players
Game mode
Random Map
Map size
Large (8 player)
Population
200
Speed
Normal
Resources
Standard
Victory
Conquest
Starting age
Dark Age
Ending age
Imperial Age
RankedLock teamsTeams togetherTeam positionsShared explorationLock speedFull tech treeHidden civsTurbo modeCheats
Victory
Defeat
🇳🇿 Huns · New Zealand
769
+11
🇺🇸 Mongols · United States
724
+13
🇺🇸 Bohemians · United States
671
+15
🇺🇸 Romans · United States
633
+18
🇺🇸 Persians · United States
704
-16
🇺🇸 Varangians · United States
680
-15
🇺🇸 Portuguese · United States
644
-14
🇺🇸 Vikings · United States
614
-12
L0TROttoSkyW
1:44 Loom
13:08 Feudal Age
14:49 Wheelbarrow
15:26 Bloodlines
16:56 Double-Bit Axe
21:01 Forging
20:57 Scale Barding Armor
21:13 Gold Mining
26:34 Castle Age
26:15 Fletching
26:24 Stone Mining
28:57 Bow Saw
30:02 Chain Barding Armor
30:19 Iron Casting
33:26 Horse Collar
35:49 Scale Mail Armor
42:29 Pikeman
44:32 Hand Cart
51:32 Chain Mail Armor
55:02 Imperial Age
52:37 Vendel Legacy
54:22 Elite Skirmisher
55:14 Padded Archer Armor
RidgePounder614
0:57 Loom
14:17 Feudal Age
14:52 Horse Collar
15:01 Double-Bit Axe
16:31 Padded Archer Armor
16:22 Fletching
24:43 Castle Age
27:39 Leather Archer Armor
27:19 Bodkin Arrow
27:34 Thumb Ring
26:50 Crossbowman
32:59 Bow Saw
32:52 Heavy Plow
37:00 Imperial Age
42:11 Two-Man Saw
41:45 Crop Rotation
42:31 Chemistry
41:38 Siege Engineers
L0tR_Dark0
0:30 Loom
19:35 Feudal Age
20:35 Double-Bit Axe
20:35 Horse Collar
23:56 Castle Age
23:46 Gold Mining
25:37 Heavy Plow
25:04 Pikeman
26:45 Bow Saw
29:37 Stone Mining
30:25 Gold Shaft Mining
31:57 Man-at-Arms
33:09 Forging
33:00 Scale Mail Armor
33:09 Squires
32:56 Arson
32:35 Man-at-Arms
36:51 Iron Casting
45:11 Imperial Age
44:10 Chain Mail Armor
45:38 Elite Varangian Guard
LOTR_HeinTime
0:56 Loom
12:46 Feudal Age
14:18 Wheelbarrow
13:39 Horse Collar
14:04 Double-Bit Axe
14:25 Gold Mining
18:46 Forging
19:23 Bloodlines
20:28 Scale Barding Armor
26:35 Castle Age
26:50 Light Cavalry
28:16 Iron Casting
28:10 Hand Cart
34:57 Chain Barding Armor
38:28 Imperial Age
39:32 Heavy Plow
40:52 Elite War Elephant
43:32 Conscription
45:40 Bow Saw
47:53 Blast Furnace
47:29 Plate Barding Armor
Scoobydoo117778
1:03 Loom
12:33 Feudal Age
13:06 Double-Bit Axe
14:02 Horse Collar
21:21 Castle Age
21:07 Wheelbarrow
21:49 Pikeman
24:01 Squires
30:34 Scale Mail Armor
33:20 Fletching
34:43 Arson
39:35 Imperial Age
36:43 Man-at-Arms
37:35 Long Swordsman
39:56 Town Watch
46:12 Bow Saw
48:04 Chemistry
51:06 Bodkin Arrow
54:34 Halberdier
drtySASQUATCH69
0:38 Loom
19:10 Feudal Age
21:28 Wheelbarrow
20:44 Double-Bit Axe
20:46 Horse Collar
21:05 Gold Mining
21:10 Stone Mining
23:40 Bloodlines
23:43 Forging
23:39 Scale Barding Armor
27:48 Fletching
27:58 Padded Archer Armor
32:26 Castle Age
34:33 Hand Cart
34:24 Heavy Plow
34:28 Husbandry
34:48 Bow Saw
35:23 Iron Casting
35:09 Chain Barding Armor
38:10 Bodkin Arrow
39:03 Thumb Ring
44:19 Gold Shaft Mining
44:50 Caravan
45:33 Stone Shaft Mining
49:18 Imperial Age
49:08 Ballistics
49:53 Heavy Camel Rider
52:04 Chemistry
51:25 Bracer
53:10 Parthian Tactics
55:48 Blast Furnace
55:05 Leather Archer Armor
55:57 Conscription
Hitman4Hire24
0:33 Loom
12:41 Feudal Age
14:11 Wheelbarrow
13:32 Double-Bit Axe
14:18 Town Watch
14:19 Horse Collar
14:34 Gold Mining
15:09 Stone Mining
17:20 Man-at-Arms
26:26 Castle Age
26:42 Bloodlines
27:56 Hand Cart
27:42 Town Patrol
27:54 Forging
27:45 Scale Mail Armor
27:46 Padded Archer Armor
27:37 Fletching
27:52 Scale Barding Armor
27:53 Squires
27:39 Light Cavalry
30:22 Iron Casting
30:03 Chain Mail Armor
29:17 Pikeman
29:24 Elite Skirmisher
31:35 Bow Saw
31:48 Chain Barding Armor
32:10 Gold Shaft Mining
32:33 Heavy Plow
32:36 Husbandry
33:34 Bodkin Arrow
33:04 Long Swordsman
34:12 Crossbowman
36:13 Leather Archer Armor
45:40 Caravan
46:12 Coinage
48:19 Imperial Age
51:06 Halberdier
51:16 Heavy Scorpion
52:26 Ballistas
53:09 Comitatenses
53:34 Murder Holes
53:58 Fortified Wall
56:11 Elite Centurion
DK3175
0:31 Loom
11:40 Feudal Age
17:27 Castle Age
15:37 Double-Bit Axe
16:10 Horse Collar
23:52 Bow Saw
24:42 Marauders
24:59 Heavy Plow
26:31 Wheelbarrow
26:21 Forging
27:34 Hand Cart
28:27 Bloodlines
28:58 Iron Casting
28:30 Scale Barding Armor
32:30 Imperial Age
30:19 Husbandry
31:26 Chain Barding Armor
31:46 Gold Mining
32:34 Elite Tarkan
33:37 Conscription
34:39 Blast Furnace
35:26 Plate Barding Armor
Connection lost

Rejoining the realm…

Still unreachable

The connection could not be restored.

Session expired

The server has moved on; the page needs a fresh start.